Cogmind - Beta 15 @@@ ROGUE MODE // 2025.08.03 @ 01:23:05 Player: Inverisimilidude Result: Destroyed by G-73 Enforcer with Heavy Laser Performance ------------- Evolutions (6) 3000 Regions Visited (17) 3400 Robots Destroyed (170) 850 Value Destroyed (7242) 7242 Prototype IDs (55) 1100 Alien Tech Used (1) 200 Bonus (4676) 4676 TOTAL SCORE: 20468 Bonus ------- High Alert Combat Kills 1336 Follower Combat Kills 764 Entered Garrisons 200 Met Data Miner 300 Acquired ECA 300 Met Warlord at Base 500 MAIN.C Attacked Warlord 500 Warlord Defense Kills 776 Cogmind --------- Core Integrity 0/1150 Matter 282/300 Energy 34/100 System Corruption 5% Temperature Cool (0) Movement Core (100) Ox1 Location -4/Warlord Parts ------- > --- POWER (1) -------- (None) > --- PROPULSION (6) --- (None) > --- UTILITY (8) ------ 0b10 Decoder Chip [Generic] 0b10 Decoder Chip [Generic] 0b10 Decoder Chip [Generic] > --- WEAPON (4) ------- Improved Remote Datajack > --- INVENTORY (5) ---- Phase Shifter Drone Bay (2/2) Peak State ------------ > --- POWER ------------ Reinforced Fission Core > --- PROPULSION ------- Armored Heavy Treads Armored Heavy Treads Advanced VSS Leg > --- UTILITY ---------- Advanced Cooling System Huge Storage Unit Enhanced Optical Array Heavy Reflective Plating > --- WEAPON ----------- Proton Cannon Hardcell Cannon Heavy Linear Accelerator > --- INVENTORY -------- Reinforced Antimatter Reactor Armored Heavy Treads Flightbrick Advanced Heat Sink Matter Compressor Advanced Weight Redist. System Improved Sensor Array Improved Signal Interpreter Weapon Cycler Graphene Brace Focal Shield EM Disruption Field Relay Coupler [Grunt] Flak Gun Magnetic Acceleration Cannon Heavy Linear Accelerator Heavy Linear Accelerator Chainsword Segregator [Rating: 110] Favorites ----------- Power Improved Deuterium Engine Engine Improved Deuterium Engine Power Core Reinforced Fission Core Reactor Reinforced Antimatter Reactor Propulsion Armored Wheel Treads Armored Heavy Treads Leg Flexi-carbon Leg Wheel Armored Wheel Hover Unit Gravmag Array Flight Unit Flightbrick Utility Huge Storage Unit Device Encrypted Comm Array Storage Huge Storage Unit Processor Improved Signal Interpreter Hackware System Shield Protection Improved Medium Armor Plating Weapon Flak Gun Energy Gun Spread Laser Energy Cannon Proton Cannon Ballistic Gun Flak Gun Ballistic Cannon Heavy Linear Accelerator Launcher Improved Grenade Launcher Special Weapon Remote Datajack Slashing Weapon Chainsword Special Melee Weapon Dirty Datajack Build | -11 -10 -10 -8 -7 -6 -6 -6 -6 -6 -6 -5 -5 -5 -4 -4 -4 -4 ------- Run | Yrd Mat Sub Mat Fac Fac Gar Fac Low Low Dat Pro Fac Ext Fac Upp Upp War Slots Evolved 12 | . . . 4 2 2 . . . . . . 2 . 2 . . . Power . | . . . . . . . . . . . . . . . . . . Propulsion 4 | . . . 2 1 . . . . . . . 1 . . . . . Utility 6 | . . . 1 1 1 . . . . . . 1 . 2 . . . Weapon 2 | . . . 1 . 1 . . . . . . . . . . . . Parts Attached 190 | 7 9 5 16 42 19 25 24 3 5 . 2 4 14 4 1 5 5 Power 16 | 1 3 . 1 4 1 2 2 . . . . 1 1 . . . . Engine 12 | 1 3 . 1 4 1 1 1 . . . . . . . . . . Core 3 | . . . . . . 1 . . . . . 1 1 . . . . Reactor 1 | . . . . . . . 1 . . . . . . . . . . Propulsion 50 | 2 1 1 6 13 9 8 6 . . . 1 1 2 . . . . Treads 14 | . . . 3 5 . 4 2 . . . . . . . . . . Leg 3 | . . . . . 1 2 . . . . . . . . . . . Wheel 20 | 2 1 1 3 8 4 1 . . . . . . . . . . . Hover 4 | . . . . . 4 . . . . . . . . . . . . Flight 9 | . . . . . . 1 4 . . . 1 1 2 . . . . Utility 66 | 2 3 1 4 11 6 7 12 2 1 . . 2 6 3 1 1 4 Device 31 | 1 . 1 3 4 3 3 6 2 . . . 2 4 1 1 . . Storage 7 | 1 3 . . 2 . . 1 . . . . . . . . . . Processor 16 | . . . 1 1 2 1 3 . . . . . 2 2 . . 4 Hackware 4 | . . . . . . . 2 . 1 . . . . . . 1 . Protection 8 | . . . . 4 1 3 . . . . . . . . . . . Artifact . | . . . . . . . . . . . . . . . . . . Weapon 58 | 2 2 3 5 14 3 8 4 1 4 . 1 . 5 1 . 4 1 Energy Gun 11 | 1 . 1 2 3 1 . . 1 1 . . . 1 . . . . Energy Cannon 6 | . . 1 . 1 1 2 . . . . . . . . . 1 . Ballistic Gun 18 | 1 1 . 3 6 1 4 . . 2 . . . . . . . . Ballistic Cannon 6 | . . . . 1 . 2 2 . . . . . . 1 . . . Launcher 4 | . . 1 . 1 . . . . 1 . . . . . . . 1 Special Weapon 3 | . 1 . . . . . 1 . . . . . . . . 1 . Impact Weapon . | . . . . . . . . . . . . . . . . . . Slashing Weapon 8 | . . . . 2 . . 1 . . . 1 . 4 . . . . Piercing Weapon . | . . . . . . . . . . . . . . . . . . Special Melee Weapon 2 | . . . . . . . . . . . . . . . . 2 . Unidentified Prototypes 9 | . . . 1 3 . 1 . . . . . 1 . 1 . 1 1 Parts Lost 72 | . 3 2 . 14 12 13 5 . . . 2 2 7 . 1 3 8 Power 5 | . . . . 3 . 1 1 . . . . . . . . . . Propulsion 24 | . 1 . . 7 5 4 1 . . . 1 . 5 . . . . Utility 19 | . . . . . 3 4 2 . . . . 1 2 . 1 1 5 Weapon 24 | . 2 2 . 4 4 4 1 . . . 1 1 . . . 2 3 Highest Loss Streak 7 | . 2 2 . 3 7 6 1 . . . 1 1 5 . 1 3 7 To Critical Strikes 1 | . . . . . . 1 . . . . . . . . . . . Average Backups 14 | 2 13 17 16 20 18 18 14 3 4 5 4 4 4 4 3 4 4 Power 1 | . 1 2 1 . 1 1 . 1 1 1 1 1 1 . . . . Propulsion 1 | 1 5 5 3 1 2 1 2 1 1 1 . . 1 . . . . Utility 7 | . 4 7 7 11 12 10 6 1 1 1 1 . . . . 1 2 Weapon 3 | . 2 2 2 7 2 4 3 . 1 2 1 1 1 3 2 1 . Tool/Special . | . . . . . . . . . . . . . . . . . . Unused Backups 43 | . . 6 7 2 1 10 11 . . . . 1 1 . . . 4 Power 3 | . . . . . . 1 1 . . . . 1 . . . . . Propulsion 9 | . . 3 1 . 1 . 4 . . . . . . . . . . Utility 23 | . . 1 6 2 . 7 5 . . . . . . . . . 2 Weapon 5 | . . 1 . . . 2 1 . . . . . 1 . . . . Tool/Special 3 | . . 1 . . . . . . . . . . . . . . 2 Average Slot Usage (%) 77 | . 99 100 98 98 91 81 64 44 59 51 59 53 42 16 29 29 53 Engine 4 | . 14 14 9 6 6 1 1 . . . . . . . . . 2 Core 1 | . . . . . . 4 . . . . . 1 3 . . . . Treads 7 | . . . 7 16 . 9 13 . . . . . . . . . . Leg 1 | . . . . . 1 5 . . . . . . . . . . . Wheel 9 | . 27 28 28 19 16 2 . . . . . . . . . . . Hover 1 | . . . . . 7 1 . . . . . . . . . . 5 Flight 2 | . . . . . . 1 2 11 11 11 11 11 10 . . . . Device 7 | . 14 14 12 4 7 5 7 4 5 5 5 9 13 7 12 10 9 Storage 5 | . 14 14 9 7 6 6 5 . . . . . . . . . . Processor 10 | . . . 5 14 13 10 8 11 11 11 11 8 3 8 15 15 24 Hackware 1 | . . . . . . . 1 5 6 11 11 10 6 . . 2 . Protection 2 | . . . . 2 4 6 1 . . . . . . . . . . Energy Gun 1 | . 8 14 10 1 5 . . . . . . . . . . . . Energy Cannon 1 | . . 6 2 . 2 5 . . . . . . . . . . . Ballistic Gun 9 | . 19 7 13 15 14 9 2 . 9 4 5 . . . . . . Ballistic Cannon 2 | . . . . 1 . 4 7 . . . . . . . . . . Slashing Weapon 2 | . . . . 3 1 2 3 . . . 2 5 5 . . . . Peak Build Rating 110 | 7 9 17 32 49 65 110 103 71 80 80 80 84 95 21 29 29 56 Average Rating 59 | 4 7 12 26 44 57 88 87 65 75 68 76 78 58 9 19 20 44 On Entrance 42 | . 7 9 11 32 43 62 97 65 65 80 80 74 80 4 17 17 29 Naked Turns 26 | . . . . . . . . . . . . . 26 . . . . Heaviest Build 164 | 13 49 57 61 112 118 164 161 29 41 41 41 36 33 2 9 10 22 Greatest Support 165 | 32 32 30 50 70 56 135 165 29 29 29 30 36 36 3 3 3 16 Greatest Overweight (x) 12 | . 3 1 2 5 12 7 1 . 1 1 1 . 7 . 2 3 7 Average Overweight (x) . | . . 1 1 2 3 2 . . . . . . . . . . . Largest Inventory Capacity 25 | 8 20 20 20 25 25 25 25 5 5 5 5 5 5 5 5 5 5 Average Capacity 18 | 6 19 20 20 24 25 25 20 5 5 5 5 5 5 5 5 5 5 Most Carried 25 | 6 17 20 20 25 24 25 25 5 5 5 5 5 5 5 4 5 5 Average Carried 17 | 3 13 18 19 23 21 23 18 4 4 5 4 4 4 4 3 4 4 Final Capacity 25 | 8 20 20 20 25 25 25 5 5 5 5 5 5 5 5 5 5 5 Final Carried 25 | 6 17 19 20 24 23 25 4 5 5 5 3 5 5 4 4 5 2 Class Distribution -------------------- 21% | Mutant 20% | Tank 14% | Scavenger-Tank 13% | Assassin 7% | Scavenger-Skirmisher 7% | Skirmisher 6% | Hacker-Mutant Dominant Class ---------------- Mutant | -10/Materials Mutant | -10/Subcaves Scavenger-Skirmisher | -8/Materials Assassin | -7/Factory Skirmisher | -6/Factory Tank | -6/Garrison Assassin | -6/Factory Mutant | -6/Lower Caves Gunner | -6/Lower Caves Hacker-Mutant | -6/Data Miner Hacker-Mutant | -5/Proximity Caves Hacker-Mutant | -5/Factory Hacker-Mutant | -5/Extension Mutant | -4/Factory Mutant | -4/Upper Caves Mutant | -4/Upper Caves Mutant | -4/Warlord Resources | -11 -10 -10 -8 -7 -6 -6 -6 -6 -6 -6 -5 -5 -5 -4 -4 -4 -4 ----------- Run | Yrd Mat Sub Mat Fac Fac Gar Fac Low Low Dat Pro Fac Ext Fac Upp Upp War Matter Collected 6737 | 225 359 80 334 1699 417 2136 735 95 210 . 70 10 165 10 79 20 93 Remotely . | . . . . . . . . . . . . . . . . . . Salvage Created 7394 | 90 345 28 442 1810 483 2404 516 34 124 . 135 24 529 . 130 . 300 Parts 373 | 7 25 1 25 91 35 99 23 1 7 . 12 4 33 . 9 . 1 Haulers Intercepted 3 | . 1 . 2 . . . . . . . . . . . . . . Recyclers Shooed 1 | . . . . 1 . . . . . . . . . . . . . Parts Field Recycled . | . . . . . . . . . . . . . . . . . . Retrieved Matter . | . . . . . . . . . . . . . . . . . . Parts Self-Destructed 28 | . . . . . . . . 1 7 . 12 . . . 8 . . Prevented . | . . . . . . . . . . . . . . . . . . Kills | -11 -10 -10 -8 -7 -6 -6 -6 -6 -6 -6 -5 -5 -5 -4 -4 -4 -4 ------- Run | Yrd Mat Sub Mat Fac Fac Gar Fac Low Low Dat Pro Fac Ext Fac Upp Upp War Combat Hostiles Destroyed 125 | . 5 1 7 31 12 35 14 . 4 . 5 . 1 . 4 . 6 Melee 17 | . . . . 5 . 2 1 . . . 4 . 1 . 4 . . Guns 59 | . 5 . 4 17 12 15 1 . 4 . 1 . . . . . . Cannons 40 | . . . 3 9 . 16 12 . . . . . . . . . . AOE 8 | . . 1 . . . 1 . . . . . . . . . . 6 Classes Destroyed 22 | 2 5 1 2 5 . 5 . 1 . . . . . . . . 1 Worker 9 | . 2 . . 2 2 . 3 . . . . . . . . . . Builder 9 | . 1 . . 2 1 . 1 . . . . 1 3 . . . . Tunneler 7 | 2 . . . . . . 1 . . . . . 4 . . . . Hauler 3 | . 1 . 2 . . . . . . . . . . . . . . Recycler 7 | 1 . . . 4 . . . . . . . . 2 . . . . Minesweeper 2 | . . . . . . . . 1 . . . . . . 1 . . Mechanic 1 | . . . . . . 1 . . . . . . . . . . . Operator 2 | . . . . 1 . . 1 . . . . . . . . . . Watcher 5 | . 1 . 1 1 2 . . . . . . . . . . . . Swarmer 36 | . . . . 3 7 14 . . 3 . 5 . . . 4 . . Saboteur 2 | . . . . . . 2 . . . . . . . . . . . Grunt 34 | . 5 . 5 8 . 5 8 . . . . . . . . . 3 Brawler 5 | . . . . . . 2 1 . . . . . . . . . 2 Duelist 2 | . . . . . . 1 1 . . . . . . . . . . Protector 1 | . . . . . . . . . . . . . . . . . 1 Sentry 20 | . . . 1 7 3 6 2 . . . . . 1 . . . . Specialist 2 | . . . . 2 . . . . . . . . . . . . . Hunter 5 | . . . 1 3 . 1 . . . . . . . . . . . Programmer 13 | . . . . 7 2 1 2 . 1 . . . . . . . . Heavy 1 | . . . . 1 . . . . . . . . . . . . . Behemoth 3 | . . . . . . 3 . . . . . . . . . . . Subdweller 1 | . . 1 . . . . . . . . . . . . . . . Best Kill Streak 8 | 3 2 1 5 4 5 8 5 1 3 . 2 1 5 . 4 . 6 Combat Bots Only 8 | . 2 1 2 3 5 8 5 . 3 . 2 . 1 . 4 . 6 Max Kills in Single Turn 3 | 1 1 1 1 2 2 2 1 1 1 . 1 1 1 . 2 . 3 Gunslinging 1 | . . . . . 1 . . . . . . . . . . . . Exploded 3 | . . 1 . . . 1 . . . . . . . . . . 3 Melee 2 | . . . . 1 . 1 1 . . . 1 . 1 . 2 . . Uniques/NPCs Destroyed . | . . . . . . . . . . . . . . . . . . Combat | -11 -10 -10 -8 -7 -6 -6 -6 -6 -6 -6 -5 -5 -5 -4 -4 -4 -4 -------- Run | Yrd Mat Sub Mat Fac Fac Gar Fac Low Low Dat Pro Fac Ext Fac Upp Upp War Hostile Shots Fired 1453 | . 43 17 26 350 126 307 203 . 60 . 117 26 80 4 22 24 48 Missed 469 | . 10 6 7 91 42 96 71 . 29 . 33 12 35 1 8 8 20 Hits 984 | . 33 11 19 259 84 211 132 . 31 . 84 14 45 3 14 16 28 Melee 18 | . . . . . . 5 6 . . . 2 . . . . . 5 Projectile 966 | . 33 11 19 259 84 206 126 . 31 . 82 14 45 3 14 16 23 Critical Strikes 22 | . . . 2 5 2 2 5 . . . 2 . 2 1 . . 1 Actively Blocked 1 | . . . . . . 1 . . . . . . . . . . . Part Disruptions 2 | . . . . 1 . . . . . . . . . . . . 1 Damage Taken 15095 | . 447 270 296 3423 1101 2740 1791 . 346 . 1401 274 1193 80 212 651 870 Core 2929 | . 72 70 46 295 103 134 85 . 48 . 160 35 716 49 153 445 518 Absorbed by Shields 132 | . . . . . . . . . . . . . 30 . . . 102 Redirected to Shielding 47 | . . . . . . 47 . . . . . . . . . . . Ignored by Resistances 514 | . . . . . . 347 167 . . . . . . . . . . Core Remaining (%) 58 | 100 . 43 91 57 . . . . . . 37 . 24 . . . . Volleys Fired 336 | 5 32 5 26 83 25 100 35 9 5 . 1 . 3 . . 1 6 Largest 4 | 2 2 2 3 3 4 4 3 1 2 . 2 . 1 . . 1 1 Hottest 233 | 70 100 90 155 152 191 233 142 75 65 . 56 . 75 . . 98 20 Shots Fired 874 | 10 62 7 68 242 86 278 94 9 6 . 2 . 3 . . 1 6 Gun 586 | 10 60 2 57 195 82 140 23 6 6 . 2 . 3 . . . . Cannon 275 | . . 3 11 47 4 138 71 . . . . . . . . 1 . Launcher 5 | . . 2 . . . . . . . . . . . . . . 3 Special 8 | . 2 . . . . . . 3 . . . . . . . . 3 Kinetic 635 | 5 44 2 28 196 53 209 94 . 2 . 2 . . . . . . Thermal 136 | 5 18 3 40 18 20 22 . 6 . . . . 3 . . 1 . Explosive . | . . . . . . . . . . . . . . . . . . Electromagnetic 94 | . . 2 . 28 13 47 . . 4 . . . . . . . . Entropic 3 | . . . . . . . . . . . . . . . . . 3 Robot Hit Streak 22 | 3 11 14 7 22 9 15 8 9 4 . 1 . . . . . 2 Robot Miss Streak 13 | 2 2 . 3 13 9 8 12 1 2 . 5 . . . . . 3 Penetration Max 1 | . . . . 1 . . . . . . . . . . . . . Secondary Targets 4 | . . . . 1 3 . . . . . . . . . . . . Max Gunslinging Chain 1 | . . . . 1 1 . . . . . . . . . . . . Shots Hit Robots 678 | 6 45 4 41 193 68 197 72 7 5 . 10 1 14 . 6 . 9 Core Hits 443 | 4 20 3 31 154 51 96 41 1 8 . 6 . 7 1 2 . 18 Critical Kills . | . . . . . . . . . . . . . . . . . . Critical Parts Destroyed 1 | . . . . 1 . . . . . . . . . . . . . Critical Strikes 24 | 1 3 . 2 2 . 9 5 . . . 1 . 1 . . . . Burn 6 | 1 3 . 2 . . . . . . . . . . . . . . Destroy 2 | . . . . 1 . 1 . . . . . . . . . . . Blast 8 | . . . . . . 3 5 . . . . . . . . . . Corrupt 1 | . . . . . . 1 . . . . . . . . . . . Sever 7 | . . . . 1 . 4 . . . . 1 . 1 . . . . Melee Attacks 185 | . . . . 30 2 89 9 . . . 21 1 19 . 6 1 7 Thermal 1 | . . . . . . . 1 . . . . . . . . . . Impact . | . . . . . . . . . . . . . . . . . . Slashing 177 | . . . . 30 2 89 8 . . . 21 1 19 . 6 1 . Piercing 7 | . . . . . . . . . . . . . . . . . 7 Sneak Attacks 25 | . . . . 4 1 1 6 . . . . 1 9 . 1 . 2 Combat Hostiles 1 | . . . . . . . . . . . . . . . . . 1 Follow-up Attacks 1 | . . . . . . . . . . . . . . . 1 . . Damage Inflicted 21396 | 76 526 367 662 3999 1272 7138 3185 110 104 . 337 76 962 11 305 . 2266 Guns 6818 | 76 502 41 535 2674 1100 1327 332 110 104 . 17 . . . . . . Cannons 6547 | . . . 127 680 20 3321 2399 . . . . . . . . . . Explosions 2833 | . . 326 . . 56 212 . . . . . . . . . . 2239 Melee 5143 | . . . . 641 96 2278 454 . . . 304 76 962 . 305 . 27 Ramming 31 | . . . . 4 . . . . . . 16 . . 11 . . . Kinetic 10691 | 40 329 326 221 2716 717 3552 2731 . 42 . 17 . . . . . . Thermal 1842 | 36 197 . 441 281 331 446 . 110 . . . . . . . . . Explosive 56 | . . . . . 56 . . . . . . . . . . . . Electromagnetic 1394 | . . 41 . 357 72 862 . . 62 . . . . . . . . Impact . | . . . . . . . . . . . . . . . . . . Slashing 5116 | . . . . 641 96 2278 454 . . . 304 76 962 . 305 . . Piercing 27 | . . . . . . . . . . . . . . . . . 27 Entropic 2239 | . . . . . . . . . . . . . . . . . 2239 Highest Corruption 8 | . . . . 6 1 7 8 2 1 1 1 1 1 . . . 5 Average Corruption 3 | . . . . 2 1 5 7 1 1 1 1 1 1 . . . 3 Corruption Purged 13 | . . . . 6 . . 6 1 . . . . . . . . . Corruption Blocked . | . . . . . . . . . . . . . . . . . . Effects 222 | . . . . 46 . 103 52 2 6 1 3 . 8 . . . 1 Message Errors 58 | . . . . 10 . 24 19 . 3 1 1 . . . . . . Matter Fused 46 | . . . . 15 . 20 7 1 1 . . . 1 . . . 1 Heat Flow Errors 26 | . . . . 7 . 13 5 . . . 1 . . . . . . Energy Discharges 21 | . . . . 6 . 7 5 . . . . . 3 . . . . Parts Rejected 4 | . . . . . . 1 2 . . . . . 1 . . . . Parts Fused 5 | . . . . . . 4 1 . . . . . . . . . . Data Loss (minor) 25 | . . . . 5 . 13 4 1 . . . . 2 . . . . Data Loss (major) 20 | . . . . 2 . 11 5 . 1 . . . 1 . . . . Misfires 8 | . . . . . . 6 2 . . . . . . . . . . Alerts 4 | . . . . . . 1 1 . 1 . 1 . . . . . . Weapon Failures 5 | . . . . 1 . 3 1 . . . . . . . . . . Overload Shots . | . . . . . . . . . . . . . . . . . . Overflow Damage 898 | . . 5 . 83 117 134 197 . . . 11 56 155 . 121 . 19 Projectiles 180 | . . . . . . 27 153 . . . . . . . . . . Explosions 118 | . . 5 . . 94 . . . . . . . . . . . 19 Melee 600 | . . . . 83 23 107 44 . . . 11 56 155 . 121 . . Knockbacks 27 | . . . . 10 . 5 12 . . . . . . . . . . Impact . | . . . . . . . . . . . . . . . . . . Kinetic 22 | . . . . 8 . 3 11 . . . . . . . . . . Secondary 5 | . . . . 2 . 2 1 . . . . . . . . . . Self-Inflicted Damage 239 | . . 36 . 2 188 . . . . . 8 . . 5 . . . Shots 4 | . . 2 . . 2 . . . . . . . . . . . . Rammed 4 | . . . . 1 . . . . . . 1 . . 2 . . . Targets Rammed 4 | . . . . 1 . . . . . . 1 . . 2 . . . Kicked . | . . . . . . . . . . . . . . . . . . Crushed . | . . . . . . . . . . . . . . . . . . Highest Temperature 303 | 27 202 . 195 237 197 303 252 216 104 . 245 12 3 218 . 12 . Average Temperature 73 | 11 48 . 77 59 71 83 81 103 51 . 107 7 3 110 . 9 . Received Heat Transfer 2676 | . 255 30 180 540 78 414 708 . 12 . 138 33 213 36 . . 39 Siege Activations . | . . . . . . . . . . . . . . . . . . Martial Activations . | . . . . . . . . . . . . . . . . . . Shielding Activations . | . . . . . . . . . . . . . . . . . . Robots Disrupted . | . . . . . . . . . . . . . . . . . . Combat Hostiles . | . . . . . . . . . . . . . . . . . . Robots Corrupted 2 | . . . . . . 2 . . . . . . . . . . . Combat Hostiles 1 | . . . . . . 1 . . . . . . . . . . . Parts Fried 11 | . . . . 3 . 8 . . . . . . . . . . . Impact Corruptions . | . . . . . . . . . . . . . . . . . . Robots Melted . | . . . . . . . . . . . . . . . . . . Combat Hostiles . | . . . . . . . . . . . . . . . . . . Parts Melted 4 | . 2 . 2 . . . . . . . . . . . . . . Heat Transferred 3883 | 185 790 . 1038 355 695 570 . 250 . . . . . . . . . Parts Sabotaged 5 | . . . . . . 5 . . . . . . . . . . . Parts Stolen . | . . . . . . . . . . . . . . . . . . Parts Stripped . | . . . . . . . . . . . . . . . . . . Power Chain Reactions 2 | . . . . . . 2 . . . . . . . . . . . Alert | -11 -10 -10 -8 -7 -6 -6 -6 -6 -6 -6 -5 -5 -5 -4 -4 -4 -4 ------- Run | Yrd Mat Sub Mat Fac Fac Gar Fac Low Low Dat Pro Fac Ext Fac Upp Upp War Maximum Alert Level 5 | . . . . 2 1 5 5 . . . . 1 1 . . . . Low Security (%) 46 | 100 100 . 100 69 68 5 . . . . . . 85 100 . . . Level 1 13 | . . . . 22 31 11 . . . . . 100 14 . . . . Level 2 10 | . . . . 8 . 25 . . . . . . . . . . . Level 3 2 | . . . . . . 7 . . . . . . . . . . . Level 4 12 | . . . . . . 11 78 . . . . . . . . . . Level 5 14 | . . . . . . 38 21 . . . . . . . . . . High Security . | . . . . . . . . . . . . . . . . . . Max Security . | . . . . . . . . . . . . . . . . . . Peak Influence 3012 | 10 57 . 108 516 252 3012 1805 . . . . 293 229 119 . . . Initial 1581 | . . . . . 252 112 1581 . . . . 282 133 119 . . . Average 639 | . 13 . 26 116 183 1291 1542 . . . . 270 93 84 . . . Influence Increases 7891 | 15 249 . 283 1027 426 3090 874 5 190 . 370 231 843 8 95 15 170 Destroy 0b10 Robot/C 2860 | . 100 . 140 620 240 800 280 . 80 . 100 . 300 . 80 . 120 Destroy 0b10 Robot/NC 290 | 15 25 . 15 50 25 55 35 5 . . . 5 50 . 5 . 5 Destroy Leader 538 | . 34 . 36 222 74 30 70 . 20 . . . 42 . 10 . . Allied During Kill 121 | . . . . . . 24 1 . . . . . 96 . . . . Successful Hack 207 | . . . 52 42 11 14 28 . . . . 16 36 8 . . . Disable Machine 165 | . 30 . 15 30 30 . 30 . . . . . 30 . . . . Anti-Garrison Action 2000 | . . . . . . 2000 . . . . . . . . . . . Destroy Structure 180 | . . . 10 3 16 122 25 . . . . . 4 . . . . Advance Influence 150 | . . . . . . . . . . . . 150 . . . . . Partial Spotted 75 | . . . . . . . 45 . . . . . 30 . . . . Lose Combat Pursuer 1305 | . 60 . 15 60 30 45 360 . 90 . 270 60 255 . . 15 45 Influence Decreases 7819 | 15 249 . 283 512 781 238 2091 765 540 685 160 168 872 205 127 30 98 Entered New Map 3656 | . . . . . 263 48 1431 665 198 685 . 78 140 125 19 4 . Time Decay 3151 | 15 219 . 283 394 398 . 550 100 342 . 140 70 420 80 108 16 16 Lost Part 628 | . 30 . . 108 120 130 50 . . . 20 20 70 . . 10 70 Lost Ally 316 | . . . . 10 . 60 60 . . . . . 174 . . . 12 Purge Threat 68 | . . . . . . . . . . . . . 68 . . . . Squads Dispatched 44 | . 2 . 1 14 7 . 14 . 1 . 1 . 2 2 . . . Investigation 9 | . 1 . 1 3 1 . 2 . . . . . 1 . . . . Extermination 12 | . . . . 7 2 . 2 . . . . . . 1 . . . Reinforcement 10 | . 1 . . 2 . . 5 . . . . . 1 1 . . . Assault 8 | . . . . 1 . . 5 . 1 . 1 . . . . . . Garrison 5 | . . . . 1 4 . . . . . . . . . . . . Intercept . | . . . . . . . . . . . . . . . . . . Searches Triggered . | . . . . . . . . . . . . . . . . . . Construction Impeded . | . . . . . . . . . . . . . . . . . . Haulers Reinforced 1 | . . . . . . . 1 . . . . . . . . . . Active Scanning Responses . | . . . . . . . . . . . . . . . . . . Cargo Convoy Interrupts . | . . . . . . . . . . . . . . . . . . Stealth | -11 -10 -10 -8 -7 -6 -6 -6 -6 -6 -6 -5 -5 -5 -4 -4 -4 -4 --------- Run | Yrd Mat Sub Mat Fac Fac Gar Fac Low Low Dat Pro Fac Ext Fac Upp Upp War Distress Signals 8 | . 2 . . . . . 1 . . . . 2 1 . . . 2 Communications Jammed . | . . . . . . . . . . . . . . . . . . Distress Signals . | . . . . . . . . . . . . . . . . . . Times Spotted 325 | . 13 5 12 42 19 39 58 . 16 . 25 12 32 4 5 6 37 Peak Tracking Total 24 | . 7 4 3 3 5 6 18 . 7 . 9 10 7 3 4 5 24 Tactical Retreats 41 | . 2 . 1 3 2 3 7 . 3 . 7 2 9 . . 1 1 Traps | -11 -10 -10 -8 -7 -6 -6 -6 -6 -6 -6 -5 -5 -5 -4 -4 -4 -4 ------- Run | Yrd Mat Sub Mat Fac Fac Gar Fac Low Low Dat Pro Fac Ext Fac Upp Upp War Traps Triggered 29 | . 1 . 2 5 2 9 1 . . . . . 9 . . . . Indirectly . | . . . . . . . . . . . . . . . . . . Trap Hack Attempts . | . . . . . . . . . . . . . . . . . . Triggered . | . . . . . . . . . . . . . . . . . . Disarmed . | . . . . . . . . . . . . . . . . . . Reprogrammed 4 | . . . . 1 . . . . . . . . 3 . . . . Reused . | . . . . . . . . . . . . . . . . . . Traps Extracted . | . . . . . . . . . . . . . . . . . . Installed . | . . . . . . . . . . . . . . . . . . Triggered . | . . . . . . . . . . . . . . . . . . Most Traps Carried 1 | . . . . . . . . 1 1 . . . . . . . . Machines | -11 -10 -10 -8 -7 -6 -6 -6 -6 -6 -6 -5 -5 -5 -4 -4 -4 -4 ---------- Run | Yrd Mat Sub Mat Fac Fac Gar Fac Low Low Dat Pro Fac Ext Fac Upp Upp War Machines Disabled 23 | . 2 1 1 2 2 10 2 . . . . . 2 . . 1 . Max in Single Turn 2 | . 1 1 1 1 2 2 1 . . . . . 1 . . 1 . Garrison Access 2 | . . . . 1 . . . . . . . 1 . . . . . Garrison Relay 5 | . . . . . . 5 . . . . . . . . . . . Machines Repaired . | . . . . . . . . . . . . . . . . . . Machines Dismantled . | . . . . . . . . . . . . . . . . . . Machines Sabotaged . | . . . . . . . . . . . . . . . . . . Overloaded Fab Kills . | . . . . . . . . . . . . . . . . . . Hacking | -11 -10 -10 -8 -7 -6 -6 -6 -6 -6 -6 -5 -5 -5 -4 -4 -4 -4 --------- Run | Yrd Mat Sub Mat Fac Fac Gar Fac Low Low Dat Pro Fac Ext Fac Upp Upp War Machines Accessed 59 | . 3 1 7 9 2 3 5 1 1 4 . 4 7 1 . 1 10 Terminals 33 | . 3 . 6 5 1 3 4 . . . . 3 7 1 . . . Fabricators 2 | . . . . 1 . . 1 . . . . . . . . . . Repair Stations . | . . . . . . . . . . . . . . . . . . Recycling Units 1 | . . . . 1 . . . . . . . . . . . . . Scanalyzers 1 | . . . 1 . . . . . . . . . . . . . . Garrison Access 4 | . . . . 2 1 . . . . . . 1 . . . . . Total Hacks 158 | . 9 1 18 24 5 7 16 1 1 29 . 8 16 1 . 1 21 Successful 94 | . 2 1 7 9 3 2 4 1 1 29 . 2 10 1 . 1 21 Failed 63 | . 7 . 10 15 2 5 12 . . . . 6 6 . . . . Catastrophic 19 | . . . 1 4 2 2 6 . . . . 2 2 . . . . Database Lockouts 1 | . . . 1 . . . . . . . . . . . . . . Manual 39 | . . . 12 5 3 6 7 . . . . . 5 1 . . . Terminals 86 | . 9 . 14 15 3 7 15 . . . . 6 16 1 . . . Fabricators 3 | . . . . 2 . . 1 . . . . . . . . . . Repair Stations . | . . . . . . . . . . . . . . . . . . Recycling Units 3 | . . . . 3 . . . . . . . . . . . . . Scanalyzers 4 | . . . 4 . . . . . . . . . . . . . . Garrison Access 8 | . . . . 4 2 . . . . . . 2 . . . . . Terminal Hacks 79 | . 2 1 5 7 . 1 2 1 1 29 . 1 6 1 . 1 21 Record 20 | . . . 1 . . . 1 . . 11 . . . . . . 7 Part Schematic 9 | . . . . . . . . . . 9 . . . . . . . Robot Schematic 6 | . . . . . . . . . . 6 . . . . . . . Robot Analysis 4 | . 2 . 1 1 . . . . . . . . . . . . . Prototype ID Bank 17 | . . . 1 . . . . . . 3 . . 1 . . . 12 Open Door 6 | . . . . . . . . 1 1 . . . 1 . . 1 2 Branch Access Points 3 | . . . 1 . . . 1 . . . . . . 1 . . . Fabricator Index 1 | . . . . 1 . . . . . . . . . . . . . Alert Level 1 | . . . . 1 . . . . . . . . . . . . . Unreport Threat 2 | . . . . . . . . . . . . . 2 . . . . Reprogram Traps 2 | . . . . 1 . . . . . . . . 1 . . . . Security Status 1 | . . . . 1 . . . . . . . . . . . . . Surveillance Status 1 | . . . . 1 . . . . . . . . . . . . . Patrol Status 1 | . . . . 1 . . . . . . . . . . . . . Registered Components 2 | . . . 1 . . . . . . . . 1 . . . . . Zone Layout 1 | . . . . . . . . . . . . . 1 . . . . Garrison Registry 1 | . . . . . . 1 . . . . . . . . . . . Proto ID Catalog 1 | . . 1 . . . . . . . . . . . . . . . Fabricator Hacks 2 | . . . . 1 . . 1 . . . . . . . . . . Network Status 2 | . . . . 1 . . 1 . . . . . . . . . . Repair Station Hacks . | . . . . . . . . . . . . . . . . . . Recycling Unit Hacks . | . . . . . . . . . . . . . . . . . . Scanalyzer 1 | . . . 1 . . . . . . . . . . . . . . Insert Component 1 | . . . 1 . . . . . . . . . . . . . . Garrison Access Hacks 3 | . . . . 1 1 . . . . . . 1 . . . . . Unlock Access 1 | . . . . . 1 . . . . . . . . . . . . Seal Access 2 | . . . . 1 . . . . . . . 1 . . . . . Unauthorized Hacks 9 | . . . 1 . 2 1 1 . . . . . 4 . . . . Terminals 9 | . . . 1 . 2 1 1 . . . . . 4 . . . . Track 1 | . . . . . . . . . . . . . 1 . . . . Assimilate 3 | . . . 1 . . . 1 . . . . . 1 . . . . Botnet 1 | . . . . . 1 . . . . . . . . . . . . Detonate 2 | . . . . . . . . . . . . . 2 . . . . Operators 1 | . . . . . 1 . . . . . . . . . . . . Sabotage 1 | . . . . . . 1 . . . . . . . . . . . Fabricators . | . . . . . . . . . . . . . . . . . . Repair Stations . | . . . . . . . . . . . . . . . . . . Recycling Units . | . . . . . . . . . . . . . . . . . . Scanalyzers . | . . . . . . . . . . . . . . . . . . Garrison Access . | . . . . . . . . . . . . . . . . . . Data Cores Recovered . | . . . . . . . . . . . . . . . . . . Used . | . . . . . . . . . . . . . . . . . . Hacking Detections 31 | . 3 . 6 8 2 3 4 . . . . 3 2 . . . . Full Trace Events 8 | . . . . 2 1 2 2 . . . . . 1 . . . . Feedback Events 3 | . . . . 1 1 . 1 . . . . . . . . . . Corruption 2 | . . . . 1 1 . . . . . . . . . . . . Hackware Fried 1 | . . . . . . . 1 . . . . . . . . . . Feedback Blocked . | . . . . . . . . . . . . . . . . . . Robot Schematics Acquired 6 | . . . . . . . . . . 6 . . . . . . . Robots Built . | . . . . . . . . . . . . . . . . . . Authchips . | . . . . . . . . . . . . . . . . . . Time . | . . . . . . . . . . . . . . . . . . Total Robot Build Rating . | . . . . . . . . . . . . . . . . . . Part Schematics Acquired 9 | . . . . . . . . . . 9 . . . . . . . Parts Built . | . . . . . . . . . . . . . . . . . . Authchips . | . . . . . . . . . . . . . . . . . . Time . | . . . . . . . . . . . . . . . . . . Total Part Build Rating . | . . . . . . . . . . . . . . . . . . Parts Repaired . | . . . . . . . . . . . . . . . . . . Time . | . . . . . . . . . . . . . . . . . . Parts Recycled . | . . . . . . . . . . . . . . . . . . Recycled Matter . | . . . . . . . . . . . . . . . . . . Retrieved Matter . | . . . . . . . . . . . . . . . . . . Retrieved Components . | . . . . . . . . . . . . . . . . . . Parts Scanalyzed 1 | . . . 1 . . . . . . . . . . . . . . Part Schematics Acquired . | . . . . . . . . . . . . . . . . . . Parts Damaged 1 | . . . 1 . . . . . . . . . . . . . . Bothacking | -11 -10 -10 -8 -7 -6 -6 -6 -6 -6 -6 -5 -5 -5 -4 -4 -4 -4 ------------ Run | Yrd Mat Sub Mat Fac Fac Gar Fac Low Low Dat Pro Fac Ext Fac Upp Upp War Used RIF Installer . | . . . . . . . . . . . . . . . . . . Robots Hacked 1 | . . . . . . . . 1 . . . . . . . . . Non-combat 1 | . . . . . . . . 1 . . . . . . . . . Combat . | . . . . . . . . . . . . . . . . . . Robot Hacks Applied 2 | . . . . . . . . 2 . . . . . . . . . parse_system 1 | . . . . . . . . 1 . . . . . . . . . no_distress 1 | . . . . . . . . 1 . . . . . . . . . Relay Couplers Released 23 | . . . . . . 23 . . . . . . . . . . . Machine Destruction 23 | . . . . . . 23 . . . . . . . . . . . Fabnet Peak Effective % . | . . . . . . . . . . . . . . . . . . Robots Rewired 14 | . . . . . . 4 . . . . . . 5 . . . 5 Allies Hacked . | . . . . . . . . . . . . . . . . . . Hacks Repelled 2 | . . . . . . . . . . . . . 2 . . . . Allies | -11 -10 -10 -8 -7 -6 -6 -6 -6 -6 -6 -5 -5 -5 -4 -4 -4 -4 -------- Run | Yrd Mat Sub Mat Fac Fac Gar Fac Low Low Dat Pro Fac Ext Fac Upp Upp War Total Allies 27 | . . . 1 . . 6 . . . . . . 15 . . . 5 Largest Group 6 | . . . 1 1 . 3 3 . . . . . 6 2 . . 5 Highest-Rated Group 268 | . . . 26 26 . 142 72 . . . . . 268 190 . . 261 Highest-Rated Ally 159 | . . . 26 26 . 85 32 . . . . . 159 159 . . 64 Initial Warlord ECA Mod 66 | . . . . . . . 7 7 7 7 6 6 6 5 5 5 5 Total Orders 2 | . . . . . . 1 1 . . . . . . . . . . GUARD 1 | . . . . . . . 1 . . . . . . . . . . AID 1 | . . . . . . 1 . . . . . . . . . . . Ally Attacks 150 | . . . . . . 57 1 . . . . . 73 6 . . 13 Total Damage 3972 | . . . . . . 1592 47 . . . . . 1898 62 . . 373 Kills 24 | . . . . . . 6 1 . . . . . 16 . . . 1 Allies Corrupted 1 | . . . . . . . . . . . . . 1 . . . . Allies Melted 1 | . . . . . . . . . . . . . . . . . 1 Intel | -11 -10 -10 -8 -7 -6 -6 -6 -6 -6 -6 -5 -5 -5 -4 -4 -4 -4 ------- Run | Yrd Mat Sub Mat Fac Fac Gar Fac Low Low Dat Pro Fac Ext Fac Upp Upp War Active Infowar (turns) 14149 | 14 1010 240 946 3336 951 4196 884 . . . . 84 1009 171 324 299 685 Optics 8949 | . . . . 3335 951 4196 467 . . . . . . . . . . Sensors 4714 | . . 240 802 2033 772 1 866 . . . . . . . . . . IFF 267 | . . . . . . . . . . . . . . 97 170 . . Terrain 866 | . . . 371 . . . . . . . . . 495 . . . . Structural 2453 | . . . . . . . . . . . . 84 893 171 324 299 682 Traps 2 | . . . . . . . . . . . . . . . 2 . . Seismic 1257 | 14 1010 . . . 233 . . . . . . . . . . . . Decoding 419 | . . . . . . . . . . . . . . . . . 419 Robot Analysis Total 4 | . 2 . 1 1 . . . . . . . . . . . . . Derelict Logs Recovered 7 | . . . . . . . . 1 3 . 1 . . . 1 1 . Drone Launches . | . . . . . . . . . . . . . . . . . . Drone Recoveries . | . . . . . . . . . . . . . . . . . . Exploration | -11 -10 -10 -8 -7 -6 -6 -6 -6 -6 -6 -5 -5 -5 -4 -4 -4 -4 ------------- Run | Yrd Mat Sub Mat Fac Fac Gar Fac Low Low Dat Pro Fac Ext Fac Upp Upp War Turns Passed 16441 | 97 1010 240 946 3336 951 4196 1596 204 769 45 375 148 1049 171 324 299 685 Spaces Moved 12239 | 68 361 197 746 1471 519 1449 1455 530 876 96 523 370 1353 291 429 554 951 Core 2240 | 4 . . . . . . . . . . . . 434 291 429 554 528 Treads 1606 | . . . 8 48 . 1019 531 . . . . . . . . . . Legs . | . . . . . . . . . . . . . . . . . . Wheels 3726 | 64 361 197 738 1423 517 426 . . . . . . . . . . . Hover 429 | . . . . . 2 4 . . . . . . . . . . 423 Flight 4238 | . . . . . . . 924 530 876 96 523 370 919 . . . . Fastest Speed 34 | 50 100 105 95 98 101 155 34 34 34 34 34 34 34 50 50 50 50 Average Speed 97 | 97 112 106 100 129 143 233 88 34 80 39 57 35 40 50 50 50 62 Slowest Speed 790 | 100 145 107 320 238 790 330 245 34 94 94 94 37 400 50 150 200 400 Overloaded Moves . | . . . . . . . . . . . . . . . . . . Propulsion Burnouts . | . . . . . . . . . . . . . . . . . . Robots Hopped 10 | . . . . . . . 8 . . . . . 2 . . . . Potential Cave-ins 7 | . . . . . . 7 . . . . . . . . . . . Cave-ins Triggered . | . . . . . . . . . . . . . . . . . . Exploration Rate (%) 51 | 5 59 14 50 35 13 93 37 73 84 70 58 17 93 9 62 76 87 Regions Visited 17 Branch Regions 9 Pre-discovered Areas 4 | . . . . . . . . 1 1 1 . . . . 1 . . Known Exits Taken 7 | . . . 1 1 1 . 1 . . . 1 1 . 1 . . . Unknown Exits Taken 9 | 1 1 1 . . . . . 1 1 1 . . 1 . 1 1 . Scrap Searched 15 | . . 5 . . . . . . 5 . 1 . . . . 4 . Spaces Dug 24 | . . . . 1 . 23 . . . . . . . . . . . Terrain Destroyed 222 | . . 25 6 2 21 49 26 . . . . . . . . . 93 Melee 24 | . . . . 1 . 23 . . . . . . . . . . . Projectile 49 | . . . 6 1 . 16 26 . . . . . . . . . . AOE 149 | . . 25 . . 21 10 . . . . . . . . . . 93 Terrain Rammed . | . . . . . . . . . . . . . . . . . . Walls Destroyed . | . . . . . . . . . . . . . . . . . . Machines Disabled . | . . . . . . . . . . . . . . . . . . Actions | -11 -10 -10 -8 -7 -6 -6 -6 -6 -6 -6 -5 -5 -5 -4 -4 -4 -4 --------- Run | Yrd Mat Sub Mat Fac Fac Gar Fac Low Low Dat Pro Fac Ext Fac Upp Upp War Total 15835 | 85 899 223 897 2674 651 1933 1647 546 929 103 576 384 1832 315 529 569 1043 Wait 2260 | . 481 . 62 979 43 95 101 . 39 . 25 1 318 17 87 . 12 Move 12202 | 67 360 196 745 1470 519 1446 1438 529 875 95 522 369 1348 291 428 553 951 Hop 10 | . . . . . . . 8 . . . . . 2 . . . . Pick Up 137 | 6 11 8 22 26 8 28 11 2 2 . . 6 3 . . 4 . Fast Attach 103 | 7 1 . 4 14 10 15 13 2 4 4 1 2 11 4 1 5 5 Attach 73 | . 2 . 6 11 10 15 10 1 1 . 2 2 4 . 4 2 3 Detach 22 | . . . 1 1 2 2 4 1 1 . . . 3 . 4 1 2 Swap 103 | . 8 5 12 32 10 20 14 . . . . . 2 . . . . Drop 130 | . 4 9 19 27 6 28 4 2 2 4 3 3 9 2 . 2 6 Fire 336 | 5 32 5 26 83 25 100 35 9 5 . 1 . 3 . . 1 6 Melee 183 | . . . . 30 2 89 9 . . . 21 1 18 . 5 1 7 Ram 3 | . . . . 1 . . . . . . 1 . . 1 . . . Kick . | . . . . . . . . . . . . . . . . . . Crush . | . . . . . . . . . . . . . . . . . . Escape Stasis 138 | . . . . . 16 30 . . . . . . 92 . . . . Rewire 135 | . . . . . . 65 . . . . . . 19 . . . 51 Trap . | . . . . . . . . . . . . . . . . . . Miscellaneous . | . . . . . . . . . . . . . . . . . . Route ------- -11/Scrapyard -10/Materials (discovered 3 exits: [*Mat x2] / *Sub) -10/Subcaves -8/Materials -7/Factory -6/Factory -6/Garrison (discovered 3 exits: *Fac x3) -6/Factory (discovered 4 exits: *Fac x2 / *Low x2) -6/Lower Caves -6/Lower Caves -6/Data Miner -5/Proximity Caves -5/Factory -5/Extension (discovered 3 exits: *Fac x2 / [*Cet]) -4/Factory (discovered 3 exits: *Upp x2 / Arm) -4/Upper Caves -4/Upper Caves -4/Warlord History --------- Turn | Location | Event 10 | -11/Scrapyard | Discovered new exit (range 15) 98 | -11/Scrapyard | Entered Materials 224 | -10/Materials | Discovered new exit (range 5) 300 | -10/Materials | Discovered new exit (range 15) 313 | -10/Materials | Build established: Mutant 1081 | -10/Materials | Discovered new exit (range 10) 1108 | -10/Materials | Entered Subcaves 1236 | -10/Subcaves | Visited 4L-MR0's lab 1251 | -10/Subcaves | Found Flightbrick 1307 | -10/Subcaves | Discovered new exit (range 11) 1338 | -10/Subcaves | A Subdweller sparked back to life 1338 | -10/Subcaves | A Subdweller sparked back to life 1338 | -10/Subcaves | A Subdweller sparked back to life 1342 | -10/Subcaves | Disturbed a concealed Subdweller 1342 | -10/Subcaves | Ambushed by Subdweller buried in earth 1347 | -10/Subcaves | Shifting Twisted Machinery released Sub. Shrapnel Launcher 1348 | -10/Subcaves | Core integrity fell below 50% 1348 | -10/Subcaves | Entered Materials 1348 | -8/Materials | Evolved 4 slots: Propulsion x2, Utility x1, Weapon x1 1517 | -8/Materials | Central database locked down 1840 | -8/Materials | Build established: Scavenger-Skirmisher 1961 | -8/Materials | Discovered new exit (range 10) 2224 | -8/Materials | Identified exit to Factory 2294 | -8/Materials | Entered Factory 2294 | -7/Factory | Accompanied by 1 ally 2294 | -7/Factory | Evolved 2 slots: Propulsion x1, Utility x1 2464 | -7/Factory | Build established: Skirmisher 2919 | -7/Factory | Build established: Assassin 4827 | -7/Factory | Lost 3 parts (1p2n) 4865 | -7/Factory | Garrison activated, responded to threat 5412 | -7/Factory | Discovered new exit (range 17) 5494 | -7/Factory | First assault squad dispatched 5513 | -7/Factory | Identified exit to Factory 5595 | -7/Factory | Found Prototype Launcher 5595 | -7/Factory | Identified Rocket Array 5630 | -7/Factory | Entered another Factory area 5630 | -6/Factory | Evolved 2 slots: Utility x1, Weapon x1 5919 | -6/Factory | Lost 7 parts (3n2u2w) 6119 | -6/Factory | Garrison activated, responded to threat 6481 | -6/Factory | Garrison activated, responded to threat 6581 | -6/Factory | Identified exit to Garrison 6581 | -6/Factory | Entered Garrison 6865 | -6/Garrison | Spotted B-75 Beast 6865 | -6/Garrison | Spotted B-75 Beast 6880 | -6/Garrison | Build established: Scavenger-Tank 6943 | -6/Garrison | Triggered checkpoint 6975 | -6/Garrison | Lost 6 parts (1p2n1u2w) 6983 | -6/Garrison | Destroyed 8 combat bots 7038 | -6/Garrison | Spotted B-86 Titan 7159 | -6/Garrison | Garrison Relay disabled 7205 | -6/Garrison | Build established: Tank 7226 | -6/Garrison | Discovered new exit (range 13) 7253 | -6/Garrison | Identified exit to Factory 7340 | -6/Garrison | Rewired B-75 Beast 7538 | -6/Garrison | Attempted to access garrison exit controls, blocked by remote lockdown 7579 | -6/Garrison | Triggered checkpoint 7658 | -6/Garrison | Destroyed B-86 Titan 7815 | -6/Garrison | Build established: Scavenger-Tank 7858 | -6/Garrison | Found Hvy. Reflective Plating 8079 | -6/Garrison | Triggered checkpoint 8275 | -6/Garrison | Discovered exit to Factory (range 13) 8315 | -6/Garrison | Attempted to access garrison exit controls, blocked by remote lockdown 8385 | -6/Garrison | Triggered checkpoint 8436 | -6/Garrison | Discovered exit to Factory (range 80) 8436 | -6/Garrison | Discovered exit to Factory (range 43) 8436 | -6/Garrison | Discovered exit to Factory (range 18) 8463 | -6/Garrison | Garrison Relay disabled 8775 | -6/Garrison | Triggered checkpoint 8839 | -6/Garrison | Garrison Relay disabled 9023 | -6/Garrison | Found embedded Infiltrators 9160 | -6/Garrison | Destroyed B-75 Beast 9169 | -6/Garrison | Destroyed B-75 Beast 9472 | -6/Garrison | Build established: Tank 9811 | -6/Garrison | Triggered checkpoint 9965 | -6/Garrison | Garrison Relay disabled 10049 | -6/Garrison | Triggered checkpoint 10153 | -6/Garrison | Garrison Relay disabled 10777 | -6/Garrison | Entered Factory 10777 | -6/Factory | Accompanied by 3 allies 11069 | -6/Factory | Build established: Assassin 11127 | -6/Factory | First assault squad dispatched 11238 | -6/Factory | Lost 3 allies 11489 | -6/Factory | Discovered new exit (range 14) 11574 | -6/Factory | Identified exit to Factory 11990 | -6/Factory | Released all parts (12) 11991 | -6/Factory | Attached Flightbrick, gained temporary slots: Utility x3 12149 | -6/Factory | Allied Derelicts emerged from ambush trap array 12220 | -6/Factory | Discovered exit to Factory (range 13) 12317 | -6/Factory | Identified exit to Lower Caves 12317 | -6/Factory | Imp. System Shield fried by hacking feedback 12373 | -6/Factory | Entered Lower Caves 12379 | -6/Lower Caves | Met a Warlord Commander 12380 | -6/Lower Caves | Learned location of Warlord (-4) 12381 | -6/Lower Caves | Warlord Commander delivered Encrypted Comm Array 12381 | -6/Lower Caves | Found Encrypted Comm Array 12405 | -6/Lower Caves | Encountered a Warlord checkpoint 12471 | -6/Lower Caves | Learned 4 Factory zone layouts 12576 | -6/Lower Caves | Discovered new exit (range 3) 12577 | -6/Lower Caves | Entered another Lower Caves area 12578 | -6/Lower Caves | Encountered a Warlord checkpoint 12630 | -6/Lower Caves | Build established: Mutant 12654 | -6/Lower Caves | Learned location of 1 exit from Proximity Caves 12727 | -6/Lower Caves | Learned Factory garrison access intel 12916 | -6/Lower Caves | Spotted B-75 Beast 12967 | -6/Lower Caves | Build established: Gunner 13140 | -6/Lower Caves | Discovered new exit (range 12) 13174 | -6/Lower Caves | Learned location of Extension (-5) 13324 | -6/Lower Caves | Attracted the attention of an 0b10 outpost 13346 | -6/Lower Caves | Entered Data Miner 13349 | -6/Data Miner | Discovered new exit (range 6) 13355 | -6/Data Miner | Met Data Miner 13362 | -6/Data Miner | Learned location of Section 7 (-2) 13362 | -6/Data Miner | Acquired the access code to Warlord's prototype stash 13368 | -6/Data Miner | Received God Mode back door access code from Data Miner 13391 | -6/Data Miner | Entered Proximity Caves 13412 | -5/Proximity Caves | Learned Factory terminal intel 13479 | -5/Proximity Caves | Attracted the attention of an 0b10 outpost 13587 | -5/Proximity Caves | Core integrity fell below 50% 13675 | -5/Proximity Caves | Spotter reported a threat 13754 | -5/Proximity Caves | Spotted B-75 Beast 13766 | -5/Proximity Caves | Entered Factory 13766 | -5/Factory | Evolved 2 slots: Propulsion x1, Utility x1 13767 | -5/Factory | Identified exit to Extension 13768 | -5/Factory | Loaded intel: 27 terminal locations 13769 | -5/Factory | Loaded intel: 4 garrison access locations 13850 | -5/Factory | Spotted B-75 Beast 13878 | -5/Factory | Build established: Hacker-Mutant 13914 | -5/Factory | Entered Extension 14129 | -5/Extension | Disrupted transfer network 14160 | -5/Extension | Spotted B-75 Beast 14222 | -5/Extension | Rescued a captive Derelict 14265 | -5/Extension | Rescued a captive Derelict 14306 | -5/Extension | Rescued a captive Derelict 14344 | -5/Extension | Rescued a captive Derelict 14354 | -5/Extension | Rescued a captive Derelict 14362 | -5/Extension | Rescued a captive Derelict 14410 | -5/Extension | Lost 3 allies 14629 | -5/Extension | Spotted B-75 Beast 14637 | -5/Extension | Released all parts (5) 14650 | -5/Extension | Core integrity fell below 50% 14653 | -5/Extension | Discovered new exit (range 3) 14667 | -5/Extension | Lost 5 parts (4n1u) 14682 | -5/Extension | Rescued a captive Derelict 14687 | -5/Extension | Rescued A7 14694 | -5/Extension | Lost 6 allies 14705 | -5/Extension | Rescued a captive Derelict 14863 | -5/Extension | Discovered new exit (range 10) 14864 | -5/Extension | Discovered new exit (range 6) 14916 | -5/Extension | Build established: Mutant 14963 | -5/Extension | Entered Factory 14963 | -4/Factory | Accompanied by 2 allies (A7) 14963 | -4/Factory | Evolved 2 slots: Utility x2 15044 | -4/Factory | Identified exit to Upper Caves 15044 | -4/Factory | Identified exit to Armory 15134 | -4/Factory | Entered Upper Caves 15438 | -4/Upper Caves | Discovered new exit (range 9) 15458 | -4/Upper Caves | Entered another Upper Caves area 15646 | -4/Upper Caves | Found Alien Artifact 15646 | -4/Upper Caves | Identified Dimensional Node Initializer 15646 | -4/Upper Caves | Initialized slip node 15651 | -4/Upper Caves | Core integrity fell below 50% 15662 | -4/Upper Caves | Learned location of 1 exit from Research 15681 | -4/Upper Caves | Lost 3 parts (1u2w) 15694 | -4/Upper Caves | Discovered new exit (range 17) 15757 | -4/Upper Caves | Entered Warlord 15813 | -4/Warlord | Met Warlord 15838 | -4/Warlord | Warlord's base attacked by MAIN.C 15895 | -4/Warlord | Found Prototype Launcher 15895 | -4/Warlord | Identified Vortex Catalyst Activator 16188 | -4/Warlord | Warlord forces counterattacked 16299 | -4/Warlord | Lost 10 allies 16302 | -4/Warlord | Spotted Executioner 16350 | -4/Warlord | Lost 4 allies 16363 | -4/Warlord | Opened side exit 16383 | -4/Warlord | Spotted Executioner 16420 | -4/Warlord | Spotted Striker 16422 | -4/Warlord | Spotted Striker 16428 | -4/Warlord | Core integrity fell below 20% 16442 | -4/Warlord | Destroyed by G-73 Enforcer with Heavy Laser Last Messages --------------- 16431_ Destroyed Prototype Device. 16431_ I-47 Archangel destroyed. 16433_ Adv. Melee Analysis Suite destroyed. 16433_ System corrupted by crushing effect (+3). 16433_ Knocked back. 16435_ Striker triggered Dirty Bomb Trap. 16435_ An explosion rips through the floor. 16435_ B-60 Warrior destroyed. 16435_ L-61 Swordsman destroyed. 16436_ G-67 Veteran system terminally corrupted. 16438_ ANNOUNCEMENT: Detected 2 Grunt squads, 1 Demolisher squad, 1 Swarmer squad, with prototype support. 16438_ Vortex Catalyst Activator destroyed. 16438_ Dirty Datajack destroyed. 16438_ Targeting Computer destroyed. 16439_ System corrupted: Matter fused (-10). 16439_ Structural Scanner destroyed. 16441_ Encrypted Comm Array destroyed. 16442_ Remote Datajack intercepted. Map ----- +----------------------------------------------------+ | ??????????????????????????? | | ??????????????????????????? | | ??????????????????????????? | | ??????????????????????????? | | ??????????????????????????? | | ??????????????????????????? | | ??????????????????????????? | | ??????????????????????????? | | ??????????????????????????? | | ??????????????????????????? | | ??????????????????????????? | | ??????????????????## ??? | | ????????????????#### ??? | | ???????????# ### ??? | | ???????????#" """ ##? | | ??????????##" ""; ### | | ########### """; ## | | ########## s### | | """"""""## id;## | | """"""""##"" sxg " | | ##" ! sg " | | + bd ## | | + %%;; g# ## | | % ; % % # | | """"""""# #;; %g;sK# | | """"""""### ; ; %i K@# | | ########### =% ;; b s # | | ######## ###; ; % l | | ???????## #; %% ### | | ???????###" ; ### | | ????????##" ; "##? | | ????????## # ; ;###? | | ????????## # "###? | | ????????## #### %###?? | | ???????### #######; ###?? | | ??????#### ########% ##?? | | ??????### ###### ##?? | | ??###### #### ##?? | | ?####### ## ### ##?? | | ?### # #### ## ##?? | | ?## #### ## ##?? | | ?## #### ## ###?? | | ?## ## #### ###?? | | ?####### ###### ###??? | | ?###### ##############??? | | ?????## ####??########???? | | ?????## ###??????????????? | | ?????## ##???????????????? | | ?????## ##???????????????? | | ?????## ##???????????????? | +----------------------------------------------------+ Best States ------------- Heat Dissipation 68 Energy Generation 21 Energy Capacity 350 Matter Stores 300 Matter Capacity 550 Sight Range 22 Robot Scan Range 18 Terrain Scan Range 16 Terrain Scan Density 210 Armor Coverage 600 Resistance: KI 20 Resistance: TH 25 Propulsion Shielding 33 Point Defense Rating 160 Weapon Cycling 15 Phase Shifting 5 Evasion (%) 63 Targeting Accuracy 5 Melee Accuracy 8 Core Analysis 6 Recoil Reduction 5 Defensive Hacking 22 Item Schematics ----------------- Combat Drone Bay | -6/Data Miner | Free Lgt. Regenerative Plating | -6/Data Miner | Free Cld. Gravmag System | -6/Data Miner | Free Adv. EM Disruption Field | -6/Data Miner | Free Adv. Medium Treads | -6/Data Miner | Free Imp. KE Penetrator | -6/Data Miner | Free Adv. Cryofiber Web | -6/Data Miner | Free Hvy. Siege Treads | -6/Data Miner | Free Matter Neutralizer | -6/Data Miner | Free Robot Schematics ------------------ S-27 Virus | -6/Data Miner | Free E-15 Imp | -6/Data Miner | Free G-50 Soldier | -6/Data Miner | Free B-48 Gladiator | -6/Data Miner | Free G-67 Veteran | -6/Data Miner | Free A-27 Freighter | -6/Data Miner | Free Fabricated ------------ Nothing Repaired ---------- Nothing Alien Tech Used ----------------- Dimensional Node Initializer Achievements -------------- Ambidextrous Tank Challenges ------------ None Game ------ Seed MakeshiftWarpLeg Manual? 0 Play Time 03:12:52 Cumulative 90.3 hours Start 2025.08.02 @ 20:53:55 End 2025.08.03 @ 01:23:05 Sessions 5 Manual Loads 0 Difficulty Rogue Special Mode None Game No. 110 Rogue 110 Adventurer 0 Explorer 0 Win Type - Total 0 Types 0/0/0/0/0/0/0/0/0/0 Lore% 58 Gallery% 43 Achievement% 41 Wizard Run 0 Options --------- Layout 1 ASCII 0 Keyboard 0 Movement Arrows Keybinds 0 Fullscreen 1 Font 24/Smallcaps Map View 50x35 Zoom Use 0% Tactical HUD 1 Map Filters NONE Filters NONE Steam 1 RUN: d4ffb991-318d-48e1-a030-0b8850f4c2a7